 Dungeon Crawl Stone Soup version 0.30-a0-743-gbfdf073431 (webtiles) character file.

Game seed: 14678690194756946640

72 Ijustatesigmund the Conjurer (level 4, -2/24 HPs)
             Began as a Deep Elf Conjurer on Feb 7, 2023.
             Slain by Crazy Yiuf
             ... wielding a +4 quarterstaff of chaos
              (4 damage)
             ... on level 2 of the Dungeon.
             The game lasted 00:02:58 (2019 turns).

Ijustatesigmund the Conjurer (Deep Elf Conjurer)    Turns: 2019, Time: 00:02:59

Health: -2/24      AC:  3    Str:  4    XL:     4   Next: 6%
Magic:  7/12       EV: 13    Int: 25    God:
Gold:   105        SH:  0    Dex: 13    Spells: 8/11 levels left

rFire   . . .      SeeInvis .    c - +0 short sword
rCold   . . .      Faith    .    (no shield)
rNeg    . . .      Spirit   .    a - +1 robe
rPois   .          Reflect  .    (no helmet)
rElec   .          Harm     .    (no cloak)
rCorr   .          Rampage  .    (no gloves)
Will    .....                    (no boots)
Stlth   ++                       (no amulet)
HPRegen 0.24/turn                (no ring)
MPRegen 0.13/turn                (no ring)

@: no status effects
A: no striking features
a: no special abilities


You were on level 2 of the Dungeon.
You visited 1 branch of the dungeon, and saw 2 of its levels.

You collected 105 gold pieces.

Inventory:

Hand Weapons
 c - a +0 short sword (weapon)
 d - a +0 dagger
Armour
 a - a +1 robe (worn)
 g - the +0 hat "Asaetzyf" {rN+ Str-3 Int+3}
   (You found it on level 2 of the Dungeon)

   Str:       It affects your strength (-3).
   Int:       It affects your intelligence (+3).
   rN:        It protects you from negative energy.
Scrolls
 h - a scroll of amnesia
Potions
 b - a potion of magic
 e - a potion of haste {unknown}
 f - a potion of might {unknown}
 i - a potion of attraction {unknown}
 k - a potion of curing {unknown}


   Skills:
 + Level 3.6 Dodging
 - Level 2.4 Stealth
 + Level 4.2 Spellcasting
 + Level 5.0 Conjurations


You had 8 spell levels left.
You knew the following spells:

 Your Spells              Type           Power      Damage    Failure   Level
a - Magic Dart            Conj           100%       1d8       1%          1
b - Searing Ray           Conj           60%        2d6       1%          2

Your spell library contained the following spells:

 Spells                   Type           Power      Damage    Failure   Level
 Dazzling Flash           Conj/Hex       34%        N/A       10%         3
 Fulminant Prism          Conj/Hex       8%         3d7       30%         4
 Iskenderun's Mystic Bla  Conj/Tloc      17%        2d5       30%         4


Dungeon Overview and Level Annotations

Branches:
Dungeon (2/15)

Altars:

Annotations:
D:2 Crazy Yiuf


Message History

The magic dart hits the hobgoblin.
The hobgoblin is moderately wounded.
Your surroundings suddenly seem different.
Casting: Magic Dart (safe; 1% risk of failure)
Confirm with . or Enter, or press ? or * to list all spells.
You can't see any susceptible monsters within range! (Use Z to cast anyway.)
Casting: Magic Dart (safe; 1% risk of failure)
Confirm with . or Enter, or press ? or * to list all spells.
You can't see any susceptible monsters within range! (Use Z to cast anyway.)
Casting: Magic Dart (safe; 1% risk of failure)
Confirm with . or Enter, or press ? or * to list all spells.
You can't see any susceptible monsters within range! (Use Z to cast anyway.)
Found a hammer.
Found a runed translucent door.
Crazy Yiuf shouts!
Crazy Yiuf flaps his cloak.
Crazy Yiuf yells, "East aubergine toodlewoodle!"
You open the door.
Casting: Magic Dart (safe; 1% risk of failure)
Confirm with . or Enter, or press ? or * to list all spells.
Aiming: Searing Ray (safe; 1% risk of failure)
Press: ? - help, Shift-Dir - straight line, f - Crazy Yiuf
Aim: Crazy Yiuf, wielding a +4 quarterstaff of chaos and wearing a +0 cloak (82% to hit)
The searing ray hits Crazy Yiuf.
Crazy Yiuf is lightly wounded. (Press . to maintain the ray.) Crazy Yiuf hits you with a +4 quarterstaff of chaos!
You are electrocuted!
Ouch! That really hurt!
* * * LOW HITPOINT WARNING * * *
The searing ray hits Crazy Yiuf.
Crazy Yiuf is moderately wounded.
Crazy Yiuf closely misses you.
The searing ray hits Crazy Yiuf!
Crazy Yiuf is severely wounded.
Crazy Yiuf closely misses you.
The searing ray hits Crazy Yiuf but does no damage.
Crazy Yiuf is severely wounded.
You finish channelling your searing ray.
Crazy Yiuf hits you with a +4 quarterstaff of chaos.
You die...

#...(.####.###...#
###.###........#.#
##...##.##.#####.#
))......#### ### ####
## ##...##..# #..# ##.
###....### ##.# #.#
#####.## ###
♣♣###.#####. ..(...#
#)..#♣♣ ♣♣..#........
#####.##
#...g@♣♣♣♣......######
# ##.###
#...#♣..♣.......#####
##..# ###
♣♣♣.♣...#......# ##.#
♣♣♣♣♣#######.# #.# #.#
# ######.# ### ###
######.# # #......#
#.# #.###...##.# #
#.######
#.#####..##......# #
#.# #........†.....###


You could see Crazy Yiuf.

Vanquished Creatures
  Robin (D:2)
  A worm (D:2)
  A dart slug (D:1)
  5 ball pythons
  9 bats
  5 endoplasms
  A giant cockroach (D:1)
  14 goblins
  5 hobgoblins
  3 kobolds
  A quokka (D:1)
  A frilled lizard (D:1)
  3 rats (D:1)
50 creatures vanquished.

Notes
Turn   | Place    | Note
-------+----------+-------------------------------------------
     0 | D:1      | Ijustatesigmund the Deep Elf Conjurer began the quest for
                  | the Orb.
     0 | D:1      | Reached XP level 1. HP: 10/10 MP: 6/6
   143 | D:1      | Reached XP level 2. HP: 15/15 MP: 4/8
   183 | D:1      | Learned a level 2 spell: Searing Ray
   668 | D:1      | You fall into a shaft and drop 1 floor!
   782 | D:2      | Reached XP level 3. HP: 19/19 MP: 5/10
   808 | D:2      | Noticed Robin
   811 | D:2      | Killed Robin
   919 | D:2      | Identified the +0 hat "Asaetzyf" {rN+ Str-3 Int+3}
  1143 | D:2      | Reached skill level 5 in Conjurations
  1458 | D:1      | Found a faded altar of an unknown god.
  1646 | D:2      | Reached XP level 4. HP: 24/24 MP: 12/12
  2011 | D:2      | Found a runed translucent door.
  2012 | D:2      | Noticed Crazy Yiuf
  2016 | D:2      | HP: 1/24 [Crazy Yiuf/+4 quarterstaff of chaos (15)]
  2019 | D:2      | Slain by Crazy Yiuf

Illustrated notes

Levels and vault maps discovered:
D:1:      dpeg_arrival_renting, layout_rooms, shapermc_ecumenical_altar_venn
D:2:      layout_loops_ring, basic_altar, uniq_robin, uniq_crazy_yiuf_cottage

Skill      XL: |  1  2  3 |
---------------+----------+-----
Dodging        | 3 |  3.6
Spellcasting   | 4 |  4.2
Conjurations   | 5 |  5.0
Stealth        | |  2.4

Action                     |  1- 3 |  4- 6 || total
---------------------------+-------+-------++-------
  Melee: Dagger            |     8 |       ||     8
         Short sword       |    16 |       ||    16
   Cast: Magic Dart        |    75 |     9 ||    84
         Searing Ray       |     3 |     1 ||     4
    Use: Scroll            |     2 |     2 ||     4
 Armour: Robe              |    16 |       ||    16
  Dodge: Dodged            |    33 |     2 ||    35

Table legend: (Time is in decaauts)
 A = Elapsed time spent in this place.
 B = Non-inter-level travel time spent in this place.
 C = Inter-level travel time spent in this place.
 D = Time resting spent in this place.
 E = Time spent auto-exploring this place.
 F = Levels seen in this place.
 G = Mean time per level.
                   A        B        C        D        E       F      G
               +--------+--------+--------+--------+--------+-----+--------+
         Total |   2017 |   1990 |     27 |    419 |   1306 |   2 | 1008.5 |
       Dungeon |   2017 |   1990 |     27 |    419 |   1306 |   2 | 1008.5 |
               +--------+--------+--------+--------+--------+-----+--------+

Top non-repeatable levels by time:
     D:2: 1060 daAuts
     D:1: 957 daAuts
